AoeStats
← Lykion

Black Forest

507324062Analyzed
4v4 RM · 14d ago on Sep 17, 2026· 51m 22s· 8 players
Game mode
Random Map
Map size
Large (8 player)
Population
200
Speed
Normal
Resources
Standard
Victory
Conquest
Starting age
Dark Age
Ending age
Imperial Age
RankedLock teamsTeams togetherTeam positionsShared explorationLock speedFull tech treeHidden civsTurbo modeCheats
Victory
Defeat
🇺🇸 Mongols · United States
1134
+13
🇺🇸 Britons · United States
1093
+14
🇦🇷 Bohemians · Argentina
1081
+15
🇨🇱 Tatars · Chile
1040
+16
🇩🇪 Cumans · Germany
1073
-15
🇹🇷 Koreans · Türkiye
1066
-15
🇹🇷 Magyars · Türkiye
1064
-15
🇨🇳 Turks · China
1012
-13
bad_dwarf
0:26 Loom
10:34 Feudal Age
11:09 Horse Collar
11:15 Double-Bit Axe
23:12 Castle Age
22:04 Bloodlines
22:04 Forging
22:00 Scale Barding Armor
23:28 Gold Mining
23:37 Capped Ram
27:00 Wheelbarrow
26:11 Town Watch
26:38 Bow Saw
27:50 Iron Casting
27:36 Chain Barding Armor
30:14 Caravan
33:36 Imperial Age
31:47 Gold Shaft Mining
32:18 Hand Cart
32:24 Stone Mining
32:45 Heavy Plow
32:37 Fletching
32:48 Scale Mail Armor
33:15 Ballistics
33:28 Bodkin Arrow
33:44 Masonry
37:52 Elite Steppe Lancer
winter is coming
5:18 Loom
11:03 Feudal Age
14:43 Wheelbarrow
16:24 Castle Age
14:44 Double-Bit Axe
15:23 Horse Collar
18:56 Heavy Plow
20:43 Wheelbarrow
21:23 Stone Mining
31:05 Imperial Age
29:41 Corvinian Army
30:32 Hand Cart
30:25 Scale Barding Armor
30:22 Gold Mining
31:51 Gold Shaft Mining
31:45 Chain Barding Armor
33:11 Conscription
34:22 Elite Magyar Huszar
35:01 Pikeman
36:43 Plate Barding Armor
36:18 Elite Magyar Huszar
36:52 Halberdier
37:36 Husbandry
37:47 Bloodlines
36:59 Light Cavalry
38:50 Bow Saw
38:52 Fletching
39:06 Scale Mail Armor
Lykion
11:01 Feudal Age
10:57 Loom
13:18 Double-Bit Axe
18:19 Castle Age
16:18 Horse Collar
16:30 Gold Mining
19:51 Bow Saw
24:03 Heavy Plow
25:31 Fletching
27:56 Fervor
32:16 Imperial Age
30:26 Wheelbarrow
29:37 Town Watch
30:06 Bodkin Arrow
31:34 Elite Skirmisher
34:17 Ballistics
34:58 Chemistry
38:35 Hand Cart
38:23 Bracer
40:47 Elite War Wagon
41:48 Conscription
1725629104
1:29 Loom
16:14 Feudal Age
18:01 Wheelbarrow
17:13 Double-Bit Axe
17:09 Horse Collar
20:44 Castle Age
21:15 Gold Mining
22:23 Bow Saw
22:14 Heavy Plow
25:51 Imperial Age
24:58 Stone Mining
26:38 Fletching
29:51 Two-Man Saw
31:11 Hand Cart
32:00 Ballistics
31:43 Padded Archer Armor
32:25 Caravan
34:59 Husbandry
35:11 Bloodlines
35:08 Scale Barding Armor
41:50 Artillery
HOCK
10:01 Feudal Age
13:53 Castle Age
11:43 Double-Bit Axe
12:31 Loom
15:04 Bow Saw
15:56 Horse Collar
22:38 Wheelbarrow
24:22 Gold Mining
24:49 Hand Cart
24:19 Town Watch
25:44 Gold Shaft Mining
24:59 Stone Mining
25:07 Stone Mining
29:56 Imperial Age
27:48 Fletching
27:58 Padded Archer Armor
28:44 Bodkin Arrow
30:18 Leather Archer Armor
30:09 Scale Barding Armor
30:23 Heavy Plow
31:56 Chemistry
31:22 Ballistics
31:04 Bracer
30:37 Onager
31:48 Conscription
32:05 Elite Mangudai
35:03 Drill
35:30 Caravan
36:06 Siege Onager
38:03 Husbandry
38:14 Bloodlines
39:35 Thumb Ring
39:56 Parthian Tactics
40:33 Siege Engineers
50:02 Spies/Treason
stwrts22
10:57 Loom
13:00 Feudal Age
20:22 Castle Age
18:52 Double-Bit Axe
19:58 Fletching
20:39 Gold Mining
21:31 Padded Archer Armor
21:36 Horse Collar
23:03 Crossbowman
25:17 Bow Saw
32:49 Imperial Age
31:04 Wheelbarrow
30:41 Heavy Plow
32:58 Arbalester
34:29 Bodkin Arrow
35:08 Leather Archer Armor
37:54 Chemistry
44:12 Chemistry
43:51 Ballistics
43:38 Siege Engineers
45:13 Two-Man Saw
44:34 Hand Cart
44:05 Town Watch
45:16 Warwolf
45:16 Treadmill Crane
46:51 Elite Longbowman
48:57 Yeomen
48:10 Sappers
49:00 Conscription
49:14 Conscription
48:24 Sappers
50:29 Gold Shaft Mining
49:44 Stone Mining
50:15 Block Printing
SeNSei;
10:03 Loom
12:02 Feudal Age
12:25 Loom
16:28 Castle Age
14:35 Double-Bit Axe
14:30 Horse Collar
19:20 Heavy Plow
20:48 Bow Saw
20:31 Gold Mining
20:35 Stone Mining
22:00 Wheelbarrow
21:10 Town Watch
24:58 Gold Shaft Mining
25:21 Hand Cart
27:02 Scale Barding Armor
27:08 Forging
27:22 Town Patrol
27:50 Ballistics
27:55 Husbandry
30:54 Bloodlines
31:07 Chain Barding Armor
31:22 Iron Casting
35:19 Imperial Age
33:00 Scale Mail Armor
33:08 Squires
35:27 Elite Steppe Lancer
37:09 Blast Furnace
36:45 Plate Barding Armor
37:14 Chemistry
36:20 Siege Engineers
36:38 Conscription
36:49 Timurid Siegecraft
36:44 Silk Armor
38:18 Capped Ram
44:56 Crop Rotation
45:00 Caravan
50:24 Spies/Treason
belisario777
0:29 Loom
12:30 Feudal Age
13:02 Double-Bit Axe
19:13 Castle Age
22:26 Fletching
23:54 Bodkin Arrow
23:54 Pikeman
26:42 Fervor
26:26 Horse Collar
30:58 Wheelbarrow
31:26 Squires
35:28 Imperial Age
34:07 Heavy Plow
35:08 Wagenburg Tactics
37:10 Chemistry
35:55 Halberdier
37:09 Scale Mail Armor
38:40 Chain Mail Armor
38:36 Forging
40:58 Plate Mail Armor
40:38 Forging
42:54 Bow Saw
42:10 Elite Hussite Wagon
43:11 Conscription
42:47 Arson
43:23 Murder Holes
43:50 Ballistics
44:22 Houfnice
46:11 Caravan
50:45 Treadmill Crane
Connection lost

Rejoining the realm…

Still unreachable

The connection could not be restored.

Session expired

The server has moved on; the page needs a fresh start.